 Dungeon Crawl Stone Soup version 0.31.0-32-g396128a36d (webtiles) character file.

Game seed: 4651304463652463341

499 nuka the Shooter (level 6, -15/50 HPs)
             Began as a Minotaur Hunter on Apr 2, 2024.
             Killed from afar by Edmund the rime drake (20 damage)
             ... with an icy flash freeze
             ... on level 4 of the Dungeon.
             The game lasted 00:10:42 (4010 turns).

nuka the Shooter (Minotaur Hunter)                  Turns: 4010, Time: 00:10:43

Health: -15/50     AC:  6    Str: 13    XL:     6   Next: 94%
Magic:  0/5        EV: 13    Int:  6    God:
Gold:   181        SH:  0    Dex: 15    Spells: 5/5 levels left

rFire   + + .        a - +0 shortbow
rCold   . . .        (shield currently unavailable)
rNeg    + . .        n - +2 leather armour of Niamn {rF++ Str-3 Slay+5}
rPois   .            (helmet restricted)
rElec   .            p - +0 cloak
rCorr   .            (no gloves)
SInv    +            (no boots)
Will    .....        w - amulet of guardian spirit
Stlth   +            x - ring of see invisible
HPRegen 0.28/turn    d - ring of positive energy
MPRegen 0.09/turn

%: guardian spirit
@: no status effects
A: horns 2, retaliatory headbutt
a: no special abilities


You were on level 4 of the Dungeon.
You visited 1 branch of the dungeon, and saw 5 of its levels.

You collected 181 gold pieces.

Inventory:

Hand Weapons
 a - a +0 shortbow (weapon)
 l - a +0 short sword
Missiles
 u - 6 boomerangs
Armour
 c - a +0 leather armour
 n - the +2 leather armour of Niamn (worn) {rF++ Str-3 Slay+5}
   (You found it on level 2 of the Dungeon)

   Str-3:     It affects your strength (-3).
   Slay+5:    It affects your accuracy & damage with ranged weapons and melee
   (+5).
   rF++:      It greatly protects you from fire.
 p - a +0 cloak (worn)
 C - a scarf of invisibility
Jewellery
 d - a ring of positive energy (right hand)
 s - a ring of resist corrosion
 w - an amulet of guardian spirit (around neck)
 x - a ring of see invisible (left hand)
Wands
 v - a wand of charming (4)
 y - a wand of flame (12)
Scrolls
 e - a scroll of amnesia {unknown}
 f - 7 scrolls of identify {unknown}
 h - a scroll of blinking {unknown}
 k - a scroll of teleportation {unknown}
 D - a scroll of poison {unknown}
Potions
 g - a potion of brilliance {unknown}
 i - a potion of degeneration {unknown}
 j - a potion of haste {unknown}
 m - a potion of ambrosia {unknown}
 o - a potion of mutation {unknown}
 r - a potion of cancellation {unknown}
 t - 3 potions of curing {unknown}
 z - a potion of lignification {unknown}
 A - a potion of attraction {unknown}
 B - a potion of might {unknown}


   Skills:
 - Level 2.4 Fighting
 * Level 7.9 Ranged Weapons
 + Level 5.1 Dodging
 - Level 0.7 Stealth


You had 5 spell levels left.
You didn't know any spells.
Your spell library contained the following spells:

 Spells                   Type           Power      Damage    Failure   Level
 Shock                    Conj/Air       0%         1d3       54%         1
 Call Imp                 Summ           0%         N/A       67%         2
 Scorch                   Fire           0%         2d5       67%         2
 Sublimation of Blood     Necr           0%         N/A       67%         2
 Swiftness                Air            0%         N/A       88%         3
 Airstrike                Air            0%         2d(0-16)  99%         4
 Flame Wave               Conj/Fire      0%         2d4       99%         4
 Summon Cactus Giant      Summ           0%         N/A       100%        6
 Summon Hydra             Summ           0%         N/A       100%        7


Dungeon Overview and Level Annotations

Branches:
Dungeon (5/15)
 Temple: D:4-7

Altars:
Ashenzari
Dithmenos
Elyvilon
Gozag
Ru
Xom

Shops:
D:4 *

Annotations:
D:4 Edmund


Innate Abilities, Weirdness & Mutations

You have a pair of horns on your head.
You reflexively headbutt those who attack you in melee.


Message History

Press: ? - help, Q - select action, (/) - cycle Shift-Dir - straight line, f - Edmund
Aim: Edmund the rime drake (moderately wounded, ally target, chance to affect: 49%) Edmund is charmed.
Fire: a) +0 shortbow
Press: ? - help, Shift-Dir - straight line, f - you, p - Edmund Really target yourself? [Y]es or [N]o only, please.
Really target yourself? [Y]es or [N]o only, please.
Really target yourself? [Y]es or [N]o only, please.
Really target yourself?
Fire: a) +0 shortbow
Press: ? - help, Shift-Dir - straight line, f - Edmund
Aim: Edmund the rime drake (moderately wounded, charmed, ally target, friendly, 62% to hit)
Okay, then.
Your butterfly disappears in a burst of colours! x3
You see here a +0 giant club.
There is a stone staircase leading up here.
Fire: a) +0 shortbow
Press: ? - help, Shift-Dir - straight line, f/p - Edmund
Aim: Edmund the rime drake (lightly wounded, charmed, friendly, 62% to hit)
You shoot an arrow. The arrow hits Edmund!
Edmund is no longer charmed.
Edmund is heavily wounded.
Edmund closely misses you. Edmund breathes ice at you.
The icy flash freeze hits you!
* * * LOW HITPOINT WARNING * * *
You are encased in ice.
Edmund closely misses you. You furiously retaliate!
You headbutt Edmund.
You climb upwards.
The ice encasing you melts away.
There is a stone staircase leading down here.
Aiming: Throw Flame
Press: ? - help, Q - select action, (/) - cycle Shift-Dir - straight line, f - Edmund
Aim: Edmund the rime drake (severely wounded, 60% to hit)
The puff of flame misses Edmund.
Edmund breathes ice at you. The icy flash freeze hits you!!
You die...

..#.....#...........#
..#.....#...........#
..##...##...........#
..##...##...........#
..'........<........#
..#.................#
..#.................#
..#...........^k....#
..#######.......@...#
..##...##...........#
..#....#............#
..#....'............#
..#######...........#
..##...##...........#
..'.....#...........#
..#.....#...........#
..##...##...........#


You could see Edmund the rime drake (catching breath).

Vanquished Creatures
  An ogre (D:5)
  A scorpion (D:4)
  A killer bee (D:3)
  A jelly (D:5)
  A hound (D:4)
  2 orc priests
  An orc wizard (D:3)
  Natasha (D:3)
  6 adders
  4 ribbon worms
  3 dart slugs
  6 orcs
  5 ball pythons
  3 bats
  4 endoplasms
  A giant cockroach (D:3)
  9 goblins
  8 hobgoblins
  3 jackals (D:2)
  4 kobolds
  4 quokkas
  4 frilled lizards (D:3)
  4 rats
77 creatures vanquished.

Notes
Turn   | Place    | Note
-------+----------+-------------------------------------------
     0 | D:1      | nuka the Minotaur Hunter began the quest for the Orb.
     0 | D:1      | Reached XP level 1. HP: 18/18 MP: 0/0
   118 | D:1      | Reached XP level 2. HP: 25/25 MP: 1/1
   328 | D:1      | Reached skill level 5 in Ranged Weapons
  1074 | D:2      | Reached XP level 3. HP: 24/30 MP: 2/2
  1220 | D:2      | Identified the +2 leather armour of Niamn {rF++ Str-3
                  | Slay+5}
  1869 | D:2      | You fall into a shaft and drop 2 floors!
  1932 | D:4      | Reached XP level 4. HP: 37/37 MP: 3/3
  1942 | D:4      | Reached skill level 6 in Ranged Weapons
  2071 | D:4      | Found a shadowy altar of Dithmenos.
  2094 | D:4      | Reached XP level 5. HP: 42/42 MP: 4/4
  2640 | D:3      | Found a broken altar of Ashenzari.
  2738 | D:3      | Noticed Natasha
  2748 | D:3      | Natasha changed into Natasha the wyvern
  2748 | D:3      | Noticed Natasha
  2749 | D:3      | Natasha the wyvern changed into Natasha the killer bee
  2749 | D:3      | Noticed Natasha
  2750 | D:3      | Killed Natasha the killer bee
  2784 | D:3      | Found a sacrificial altar of Ru.
  3248 | D:3      | Found a shimmering altar of Xom.
  3262 | D:3      | Reached skill level 7 in Ranged Weapons
  3262 | D:3      | Reached XP level 6. HP: 50/50 MP: 5/5
  3347 | D:3      | Noticed Natasha
  3354 | D:3      | Killed Natasha
  3463 | D:4      | Found a white marble altar of Elyvilon.
  3474 | D:4      | Found an opulent altar of Gozag.
  3479 | D:4      | Found Gozag's Platinum Reserve.
  3831 | D:5      | Entered Level 5 of the Dungeon
  3860 | D:5      | Reached skill level 5 in Dodging
  3951 | D:5      | Noticed Edmund
  3952 | D:5      | Edmund changed into Edmund the swamp drake
  3952 | D:5      | Noticed Edmund
  3953 | D:5      | Edmund the swamp drake changed into Edmund the rime drake
  3953 | D:5      | Noticed Edmund
  3969 | D:5      | HP: 1/50 [Edmund the rime drake/icy flash freeze (11)]
  4010 | D:4      | Killed from afar by Edmund the rime drake

Illustrated notes

Levels and vault maps discovered:
D:1:      lightli_arrival_chessboard, layout_basic, minmay_misc_feat_columns,
          dk_noncrumbling_3, st_stairs_1, minmay_crystal_room
D:2:      layout_loops_corners, minmay_tromino_i4
D:3:      layout_rooms, nicolae_ashenzari_panopticon,
          nicolae_ru_great_annihilating_truth, mainiacjoe_overflow_24_doors,
          chequers_jeans, uniq_natasha
D:4:      layout_gridville, nicolae_gozag_zags_fifth_avenue,
          kennysheep_mini_moat, mainiacjoe_overflow_concentric_impassable,
          kennysheep_decorative_pillar
D:5:      minmay_spotlight, layout_cave_pods, serial_shops,
          nicolae_shop_mannequins, uniq_prince_ribbit1, uniq_edmund

Skill      XL: |  1  2  3  4  5  6 |
---------------+-------------------+-----
Ranged Weapons | 5 6 7 |  7.9
Dodging        | 3 4 5 |  5.1
Fighting       | |  2.4
Stealth        | |  0.7

Action                     |  1- 3 |  4- 6 || total
---------------------------+-------+-------++-------
   Fire: Shortbow          |    87 |   117 ||   204
  Evoke: Wand              |       |     9 ||     9
    Use: Scroll            |       |     1 ||     1
 Armour: Leather armour    |    13 |    21 ||    34
  Dodge: Dodged            |    19 |    21 ||    40
